 Dungeon Crawl Stone Soup version 0.20-a0-222-gb69ddcd (webtiles) character file.

176 KristoblXynda the Chopper (level 5, -2/45 HPs)
             Began as a Draconian Monk on Nov 29, 2016.
             Slain by KristoblXynda's ghost (7 damage)
             ... on level 3 of the Dungeon.
             The game lasted 00:05:28 (2271 turns).

KristoblXynda the Chopper (Draconian Monk)          Turns: 2271, Time: 00:05:28

Health: -2/45      AC:  7    Str: 19    XL:     5   Next: 30%
Magic:  5/5        EV: 14    Int: 10    God:
Gold:   166        SH:  0    Dex: 14    Spells: 4/4 levels left

rFire  . . .     SeeInvis .     e - +2 hand axe (drain)
rCold  . . .     Gourm    .     (armour unavailable)
rNeg   . . .     Faith    .     (no shield)
rPois  .         Spirit   .     (helmet restricted)
rElec  .         Reflect  .     q - +0 cloak
rCorr  .         Harm     .     m - +0 pair of gloves
MR     .....                    (no boots)
Stlth  ++........               (no amulet)
                                (no ring)
                                (no ring)

@: mighty
A: unfitting armour, cold-blooded, AC +5
a: no special abilities


You were on level 3 of the Dungeon.
You were hungry.

You visited 1 branch of the dungeon, and saw 3 of its levels.

You collected 166 gold pieces.

Inventory:

Hand Weapons
 e - a +2 hand axe of draining (weapon)
Armour
 d - a +0 buckler
 m - a +0 pair of gloves (worn)
 q - a +0 cloak (worn)
Wands
 h - a wand of heal wounds (1/9)
Scrolls
 k - 3 scrolls of remove curse {unknown}
 o - a scroll of enchant armour {unknown}
 s - a scroll of fear {unknown}
Comestibles
 b - 3 bread rations
 f - 2 meat rations
 j - 2 fruits


   Skills:
 - Level 3.2 Fighting
 + Level 4.5 Axes
 + Level 3.7 Dodging
 - Level 1.7 Stealth
 + Level 2.4 Shields


You had 4 spell levels left.
You didn't know any spells.

Dungeon Overview and Level Annotations

Branches:
Dungeon (3/15)

Altars:

Annotations:
D:3 KristoblXynda's ghost, amateur DrFi; Robin


Innate Abilities, Weirdness & Mutations

Your plain brown scales are hard. (AC +5)
You cannot fit into any form of body armour.
You are cold-blooded and may be slowed by cold attacks.


Message History

You're too confused to move!
You feel less invigorated.
You feel less confused. KristoblXynda's ghost hits you!
* * * LOW HITPOINT WARNING * * *
You barely miss KristoblXynda's ghost.
KristoblXynda's ghost is moderately damaged.
KristoblXynda's ghost hits you!
* * * LOW HITPOINT WARNING * * *
You hit KristoblXynda's ghost.
KristoblXynda's ghost is moderately damaged.
KristoblXynda's ghost hits you but does no damage.
You slash KristoblXynda's ghost!
Your tail-slap misses KristoblXynda's ghost.
KristoblXynda's ghost is heavily damaged.
KristoblXynda's ghost wails, "What do you have that I didn't have?"
KristoblXynda's ghost closely misses you.
You hit KristoblXynda's ghost.
KristoblXynda's ghost is heavily damaged.
KristoblXynda's ghost hits you!
You die...

*,* #.###.#.# ##
*,*****##*#######.###.#.# #
*,**,,,,.,#.....).......# #
*,**.#**#.#.#####.###.### #
*,,,....#.#.#####.###.# ####
****,*#..........h....#*###...
*,*###.#.#####.##........#.
*,,,...#.#####.##.#####..#.
***###*#.W@....##[.........
##########.##.##...#
#......)..# #.#..÷#....
#,#...#.#.# #.##.##.#..
#...†.).##. ####.#####. #.# #.


You could see KristoblXynda's ghost.

Vanquished Creatures
  Jessica (D:3)
  An orc wizard (D:3)
  A gnoll (D:1)
  2 adders (D:3)
  2 worms
  2 dart slugs
  2 leopard geckos
  5 orcs (D:3)
  2 ball pythons
  14 bats
  2 giant cockroaches
  9 hobgoblins
  3 jackals (D:2)
  6 kobolds
  6 frilled lizards
  13 goblins
  8 rats
79 creatures vanquished.

Notes
Turn   | Place    | Note
-------+----------+-------------------------------------------
     0 | D:1      | KristoblXynda the Draconian Monk began the quest for the Orb.
     0 | D:1      | Reached XP level 1. HP: 19/19 MP: 1/1
   355 | D:1      | Reached XP level 2. HP: 26/26 MP: 2/2
   645 | D:1      | Reached XP level 3. HP: 31/31 MP: 3/3
  1042 | D:2      | Reached skill level 1 in Shields
  1342 | D:2      | Reached XP level 4. HP: 38/38 MP: 4/4
  1395 | D:2      | Reached skill level 4 in Axes
  1584 | D:3      | Noticed Jessica
  1587 | D:3      | Killed Jessica
  1640 | D:3      | Noticed Robin
  1643 | D:3      | Noticed KristoblXynda's ghost (amateur DrFi)
  1935 | D:3      | Reached XP level 5. HP: 33/45 MP: 5/5
  2271 | D:3      | Slain by KristoblXynda's ghost

Vault maps used:
D:1:      minmay_arrival_loop, hangedman_decor_push
D:3:      nicolae_overflow_hidden_temple, uniq_jessica, uniq_robin

Skill      XL: |  1  2  3  4 |
---------------+-------------+-----
Dodging        | 3 |  3.7
Shields        | 1 2 |  2.4
Axes           | 4 |  4.5
Fighting       | |  3.2
Stealth        | |  1.7

Action                   |  1- 3 |  4- 6 || total
-------------------------+-------+-------++-------
Melee: Hand axe          |   121 |    79 ||   200
       Tailslap          |    11 |     5 ||    16
  Use: Scroll            |       |     6 ||     6
       Potion            |       |     5 ||     5
 Stab: Sleeping          |     3 |     2 ||     5
  Eat: Chunk             |     1 |     3 ||     4
Armor: Skin              |    46 |    24 ||    70
Dodge: Dodged            |   101 |    53 ||   154
